 Dungeon Sprint DCSS version 0.21.1-1-g345015f (webtiles) character file.

0 diana the Skirmisher (level 3, 20/21 HPs)
             Began as a Vine Stalker Fighter on July 25, 2018.
             Quit the game in the Dungeon (Sprint VI: "Thunderdome").
             The game lasted 00:01:44 (26 turns).

diana the Skirmisher (Vine Stalker Fighter)           Turns: 26, Time: 00:01:45

Health: 20/21      AC:  6    Str: 22    XL:     3   Next: 2%
Magic:  4/4        EV:  7    Int: 12    God:
Gold:   20         SH:  9    Dex:  9    Spells: 2/2 levels left

rFire    + . .     SeeInvis .   a - +0 long sword
rCold    + . .     Gourm    .   c - +0 shield
rNeg     . . .     Faith    .   b - +0 scale mail
rPois    .         Spirit   +   (no helmet)
rElec    +         Reflect  .   (no cloak)
rCorr    .         Harm     .   (no gloves)
MR       .....     NoTele   +   (no boots)
Stlth    ..........             (no amulet)
HPRegen  0.07/turn              r - ring of Fypnemugh {rElec rF+ rC+ Int+2}
MPRegen  0.09/turn              q - ring "Roomir" {+Blink MR- Str+3 Int+2 Dex-4} (curse)

@: no status effects
A: fangs 2, magic shield, antimagic bite, no potion heal 3, rot immunity
a: Evoke Blink


You were in the Dungeon.
You were not hungry.

You visited 1 branch You collected 200 gold pieces.
You spent 180 gold pieces at shops.

Inventory:

Hand Weapons
 a - a +0 long sword (weapon)
Armour
 b - a +0 scale mail (worn)
 c - a +0 shield (worn)
Jewellery
 p - the ring "Atowk" {Fire Int+2}
   (You bought it in a shop in the Dungeon)

   [ring of fire]

   It enhances your fire magic.
   It affects your intelligence (+2).
   It protects you from fire.
   It makes you vulnerable to cold.
 q - the cursed ring "Roomir" (right hand) {+Blink MR- Str+3 Int+2 Dex-4}
   (You bought it in a shop in the Dungeon)

   [ring of dexterity]

   It affects your strength (+3).
   It affects your intelligence (+2).
   It affects your dexterity (-4).
   It affects your resistance to hostile enchantments.
   It lets you blink.
   It has a curse placed upon it.
 r - the ring of Fypnemugh (left hand) {rElec rF+ rC+ Int+2}
   (You bought it in a shop in the Dungeon)

   [ring of intelligence]

   It affects your intelligence (+2).
   It protects you from fire.
   It protects you from cold.
   It insulates you from electricity.
Wands
 l - a wand of acid (4)
 m - a wand of iceblast (5)
Scrolls
 k - 4 scrolls of blinking
 n - 3 scrolls of fog
Potions
 d - a potion of might
 e - a potion of curing
 g - 4 potions of heal wounds
 h - 4 potions of haste
 i - 2 potions of magic
 j - a potion of berserk rage
 o - a potion of resistance
Comestibles
 f - a ration


   Skills:
 + Level 3.9 Fighting
 + Level 2.2 Long Blades
 + Level 3.5 Armour
 + Level 3.9 Shields


You had 2 spell levels left.
You didn't know any spells.

Dungeon Overview and Level Annotations

Branches:
Dungeon (1/1)

Altars:
Cheibriados
Kikubaaqudgha
Makhleb
Ru
Uskayaw
Vehumet

Shops:
D *[%?


Innate Abilities, Weirdness & Mutations

You have extremely sharp teeth.
When hurt, damage is shared between your health and your magic reserves.
Your bite disrupts and absorbs the magic of your enemies.
Potions cannot restore your health.
You are immune to rotting.


Message History

r - the amulet of the Coward (around neck) {Inacc +Fly rF- MR++} Drop what? 18/52 slots (_ for help) (? for menu, Esc to quit)
You remove the amulet of the Coward {Inacc +Fly rF- MR++}.
You drop the amulet of the Coward {Inacc +Fly rF- MR++}.
(D) Dungeon
Where to? (? - help) You're already here!
Put on which piece of jewellery? (? for menu, Esc to quit)
Okay, then.
r - a shimmering lapis lazuli ring Thank you for shopping at Bekkoth's Jewellery!
Put on which piece of jewellery? (? for menu, Esc to quit)
You remove the ring "Atowk" {Fire Int+2}.
You feel clever.
r - the ring of Fypnemugh (left hand) {rElec rF+ rC+ Int+2} Drop what? 18/52 slots (_ for help) (? for menu, Esc to quit)
Okay, then.
Things that are here:
a flail; a scale mail; the human corpse of Terence Are you sure you want to abandon this character and quit the game? (Confirm with "yes".)

#_....... #........
###.........
#⌠........ .
######.8...... ..
##∩___......# ..
###∩........8.# .8.
#..@).........###...
#⌠..........###...#
#⌠..........# #.<.#
#⌠..........# #...#
##.............###...
###∩........8. .8.
##∩__.......# ..
######.8.... ..
#⌠.... .


There were no monsters in sight!

Vanquished Creatures
  Terence (D)
  An orc (D)
2 creatures vanquished.

Notes
Turn   | Place    | Note
-------+----------+-------------------------------------------
     0 | D        | diana the Vine Stalker Fighter began the quest for the Orb.
     0 | D        | Reached XP level 1. HP: 11/11 MP: 2/2
     2 | D        | Found a sacrificial altar of Ru.
     3 | D        | Found an ancient bone altar of Kikubaaqudgha.
     3 | D        | Found a burning altar of Makhleb.
     4 | D        | Found a snail-covered altar of Cheibriados.
     4 | D        | Found a radiant altar of Vehumet.
     5 | D        | Found Popt's Delicious Food.
     5 | D        | Found a hide-covered altar of Uskayaw.
     5 | D        | Found Jerilul's Identification Station.
     5 | D        | Round 1.
     6 | D        | Found Bekkoth's Jewellery.
     6 | D        | Found Bomeha's Advanced Armour.
     9 | D        | Noticed Terence
    11 | D        | Killed Terence
    11 | D        | Reached XP level 2. HP: 17/17 MP: 3/3
    15 | D        | Reached XP level 3. HP: 19/21 MP: 4/4
    18 | D        | Bought a crude tin ring for 45 gold pieces
    18 | D        | Bought a coiled glass ring for 45 gold pieces
    18 | D        | Bought a translucent zirconium amulet for 45 gold pieces
    18 | D        | Identified the ring "Atowk" {Fire Int+2} (You bought it in a shop in the Dungeon)
    19 | D        | Identified the cursed ring "Roomir" {+Blink MR- Str+3 Int+2 Dex-4} (You bought it in a shop in the Dungeon)
    20 | D        | Identified the amulet of the Coward {Inacc +Fly rF- MR++} (You bought it in a shop in the Dungeon)
    23 | D        | Bought a shimmering lapis lazuli ring for 45 gold pieces
    24 | D        | Identified the ring of Fypnemugh {rElec rF+ rC+ Int+2} (You bought it in a shop in the Dungeon)
    26 | D        | Quit the game

Skill      XL: |  1 |
---------------+----+-----
Fighting       | 3 |  3.9
Long Blades    | 2 |  2.2
Armour         | 3 |  3.5
Shields        | 3 |  3.9

Action                   || total
-------------------------++-------
Melee: Long sword        ||     3
       Bite              ||     2
Evoke: Wand              ||     1
Block: Shield            ||     1
